 Dungeon Crawl Stone Soup version 0.31-a0-426-g3a05650e59 (webtiles) character file.

Game seed: 4217942869687251261

3669 Zonian the Grappler (level 10, -4/82 HPs)
             Began as a Barachi Shapeshifter on July 31, 2023.
             Was a Follower of Nemelex Xobeh.
             Slain by a wyvern (19 damage)
             ... on level 8 of the Dungeon.
             The game lasted 00:18:09 (11013 turns).

Zonian the Grappler (Barachi Shapeshifter)         Turns: 11013, Time: 00:18:10

Health: -4/82      AC: -2    Str: 21    XL:     10   Next: 12%
Magic:  10/10      EV: 20    Int:  9    God:    Nemelex Xobeh [*.....]
Gold:   1278       SH:  0    Dex: 12    Spells: 9/9 levels left

rFire   . .          .
                       - Unarmed
rCold   . . .        (no shield)
rNeg    . . .        a - +0 animal skin
rPois   .            (helmet currently unavailable)
rElec   .            (cloak currently unavailable)
rCorr   +            (gloves currently unavailable)
SInv    +            (boots currently unavailable)
Will    .....        (no amulet)
Stlth   +            l - +5 ring of evasion
HPRegen 0.33/turn    o - ring of Huka {rCorr Slay+2 SInv}
MPRegen 0.12/turn

%: no passive effects
@: beast-form, corroded, studying Unarmed Combat, slow
A: beast (slay +5), amphibious, slowness 1, strong legs 1, +LOS
a: Hop, Begin Untransformation, Renounce Religion, Draw Escape, Draw
Destruction, Draw Summoning


You were on level 8 of the Dungeon.
You worshipped Nemelex Xobeh.
Nemelex Xobeh was aware of your devotion.
You were a hulking beast.
You visited 2 branches of the dungeon, and saw 9 of its levels.
You also visited: Sewer.

You collected 1278 gold pieces.

Inventory:

Missiles
 f - 14 poisoned darts
Armour
 a - a +0 animal skin (worn)
Jewellery
 l - a +5 ring of evasion (left hand)
 o - the ring of Huka (right hand) {rCorr Slay+2 SInv}
   (You acquired it on level 3 of the Dungeon)

   [ring of see invisible]

   Slay:      It affects your accuracy & damage with ranged weapons and melee
   (+2).
   SInv:      It lets you see invisible.
   rCorr:     It protects you from acid and corrosion.
 t - a ring of see invisible
Talismans
 c - a beast talisman (active)
Wands
 z - a wand of flame (5)
Scrolls
 n - 3 scrolls of teleportation
 p - 2 scrolls of vulnerability {unknown}
 q - a scroll of amnesia {unknown}
 u - 3 scrolls of fog {unknown}
 v - a scroll of immolation {unknown}
 y - a scroll of enchant armour {unknown}
 B - 2 scrolls of blinking {unknown}
Potions
 b - 2 potions of lignification
 d - a potion of resistance
 e - 2 potions of haste
 j - 2 potions of attraction
 m - a potion of magic
 s - a potion of invisibility
 w - a potion of mutation {unknown}
 A - 2 potions of cancellation {unknown}


   Skills:
 + Level 8.6 Fighting
 + Level 8.0 Dodging
 + Level 9.3 Unarmed Combat
 + Level 7.3 Shapeshifting


You had 9 spell levels left.
You didn't know any spells.
Your spell library contained the following spells:

 Spells                   Type           Power      Damage    Failure   Level
 Apportation              Tloc           0%         N/A       38%         1
 Necrotise                Necr           0%         1d4       38%         1
 Summon Small Mammal      Summ           0%         N/A       38%         1
 Ensorcelled Hibernation  Hex/Ice        0%         N/A       52%         2
 Momentum Strike          Conj/Tloc      0%         3d8       52%         2
 Hailstorm                Conj/Ice       0%         3d3       77%         3
 Volatile Blastmotes      Fire/Tloc      0%         2d10      77%         3
 Summon Ice Beast         Ice/Summ       0%         N/A       99%         4
 Simulacrum               Ice/Necr       0%         N/A       100%        6


Dungeon Overview and Level Annotations

Branches:
Dungeon (8/15)             Temple (1/1) D:4           Sewer (visited)
   Lair: D:8-11

Altars:
Ashenzari
Cheibriados
Dithmenos
Elyvilon
Fedhas
Gozag
Nemelex Xobeh
Okawaru
Qazlal
Sif Muna
Trog
Vehumet
Wu Jian
Xom
Yredelemnul

Shops:
D:2 :   D:6 **


Innate Abilities, Weirdness & Mutations

You are a hulking beast.
Your limbs bulge with bestial killing power. (Slay +5)
You are amphibious.
You cover ground slowly.
You can hop short distances.
You have an extended range of vision and can be seen from far away.


Message History

You enter the shallow water.
An acid dragon comes into view.
Unknown command.
The acid dragon roars!
You hear an angry hiss.
Unknown command.
The acid dragon spits acid at you. The splash of acid hits you!! You resist.
The acid corrodes you!
A wyvern comes into view.
The wyvern hisses angrily.
A sky beast comes into view.
You enter the shallow water.
The wyvern closely misses you.
You barely miss the wyvern. The wyvern barely misses you.
You barely miss the wyvern. The wyvern misses you.
Unknown command.
You punch the wyvern! You punch the wyvern, but do no damage.
The wyvern is moderately wounded.
The wyvern misses you. The acid dragon bites you!
The acid dragon completely misses you. The wyvern closely misses you.
You punch the wyvern!
The wyvern is severely wounded.
The acid dragon misses you. x2; The wyvern bites you!
Unknown command.
You punch the wyvern!
The wyvern is almost dead.
The wyvern bites you! The acid dragon bites you!
* * * LOW HITPOINT WARNING * * *
The acid dragon claws you.
* * * LOW HITPOINT WARNING * * *
Unknown command.
Okay, then.
You feel better. The wyvern barely misses you.
The acid dragon spits acid at you. The splash of acid hits you! You resist.
* * * LOW HITPOINT WARNING * * *
The wyvern misses you.
Unknown command.
You feel better. The wyvern bites you!!
You die...
Your body disappears without a glow.

###..≈8≈ .. #.....#
....~~≈#'## #......#.#
.....Y.. ....#####.#
..... .########.. #..# #
#....#.. . #.D# ≈#
#....... .. #..# ≈#
##...<..
...####.Y######≈#
#....#.
#~~~~~~~~Dh~≈~~##
#..^.#.
###......Kl.....#
##..##.
##.............## #.###.
#.)......)......# ### #.
#.........).....# ##
#.......).......# #
#.....(.........# #
#..#............# #
#.........<...##########
#


You could see a wyvern, an acid dragon (catching breath), a sky beast and a
kobold brigand.

Vanquished Creatures
  A wyvern (D:8)
  A water moccasin (D:6)
  Edmund (D:4)
  Duvessa (D:6)
  An orc warrior (D:7)
  4 ice beasts
  3 black bears
  An ogre (D:5)
  3 centaurs
  3 kobold brigands
  4 bullfrogs
  4 scorpions
  6 wights
  Dowan (D:6)
  5 killer bees
  A hound (D:6)
  2 jellies (D:6)
  A gnoll bouda (D:6)
  2 orc priests (D:4)
  A sleepcap (D:3)
  3 iguanas
  7 orc wizards
  12 adders
  11 gnolls
  4 river rats (Sewer)
  A white imp (D:5)
  5 worms
  4 dart slugs
  29 orcs
  10 endoplasms
  8 giant cockroaches
  6 goblins
  5 hobgoblins
  6 jackals
  3 quokkas
  10 ball pythons
  6 bats
  10 frilled lizards
  15 kobolds
  9 rats
210 creatures vanquished.

Notes
Turn   | Place    | Note
-------+----------+-------------------------------------------
     0 | D:1      | Zonian the Barachi Shapeshifter began the quest for the
                  | Orb.
     0 | D:1      | Reached XP level 1. HP: 15/15 MP: 1/1
   595 | D:1      | Reached XP level 2. HP: 6/22 MP: 2/2
  1104 | D:1      | Reached XP level 3. HP: 25/27 MP: 3/3
  1551 | D:2      | Found Pyro's Book Boutique.
  1909 | D:2      | Reached XP level 4. HP: 34/34 MP: 4/4
  2402 | D:3      | Reached skill level 4 in Unarmed Combat
  2699 | D:3      | Reached XP level 5. HP: 39/41 MP: 5/5
  3192 | D:3      | Reached XP level 6. HP: 15/47 MP: 6/6
  3409 | D:3      | Identified 2 scrolls of acquirement
  3409 | D:3      | Acquired the ring of Huka {rCorr Slay+2 SInv}
  3435 | D:3      | Identified the +3 scale mail "Keoskel" {Slay+5}
  3490 | D:3      | Found a white marble altar of Elyvilon.
  3509 | D:3      | Found a snail-covered altar of Cheibriados.
  4215 | D:4      | Noticed a black bear
  4222 | D:4      | Killed a black bear
  4328 | D:4      | Reached skill level 5 in Unarmed Combat
  4360 | D:4      | Reached XP level 7. HP: 16/55 MP: 7/7
  4747 | D:4      | Found a staircase to the Ecumenical Temple.
  4748 | D:4      | Noticed Edmund
  4766 | Temple   | Entered the Ecumenical Temple
  5550 | D:4      | Got the Secrets of Algor and Distance
  5595 | D:4      | Killed Edmund
  5596 | D:4      | Reached skill level 5 in Shapeshifting
  5795 | D:5      | Entered Level 5 of the Dungeon
  5806 | D:5      | Reached skill level 5 in Fighting
  5848 | D:5      | Reached skill level 5 in Dodging
  5943 | D:5      | Reached XP level 8. HP: 51/62 MP: 8/8
  6477 | D:5      | Acquired 748 gold pieces
  6758 | D:5      | Reached skill level 6 in Unarmed Combat
  7229 | D:6      | Found a glowing drain.
  7243 | Sewer    | Entered a sewer
  7901 | D:6      | Noticed Dowan
  7903 | D:6      | Noticed Duvessa
  7920 | D:6      | Killed Duvessa
  7926 | D:6      | Killed Dowan
  8630 | D:6      | Reached skill level 7 in Unarmed Combat
  8630 | D:6      | Reached XP level 9. HP: 71/71 MP: 9/9
  8951 | D:6      | Found Unlaohue's General Store.
  8956 | D:6      | Found Joco's Specific Store.
  9528 | D:7      | Found a sparkling altar of Nemelex Xobeh.
  9534 | D:7      | Became a worshipper of Nemelex Xobeh the Trickster
  9546 | D:7      | Found an opulent altar of Gozag.
  9967 | D:7      | Acquired a manual of Unarmed Combat
 10059 | D:7      | Found an ornate altar of the Wu Jian Council.
 10086 | D:7      | Reached skill level 8 in Unarmed Combat
 10559 | D:8      | Reached * piety under Nemelex Xobeh
 10657 | D:8      | Reached XP level 10. HP: 32/81 MP: 10/10
 10952 | D:8      | Reached skill level 9 in Unarmed Combat
 11013 | D:8      | Slain by a wyvern

Illustrated notes

Levels and vault maps discovered:
D:1:      dpeg_arrival_prison, layout_basic, chequers_serial_rivers_large_b
D:2:      layout_basic, serial_shops, nicolae_shop_behind_doors
D:3:      minmay_chambers_of_threes, layout_basic, mainiacjoe_overflow_catwalk,
          kennysheep_slug_shrine, minmay_fractal_squares_5
D:4:      layout_rooms, minmay_temple_entry_ruins, uniq_edmund
D:5:      layout_basic
D:6:      layout_basic, cheibrodos_sewer_entry_drain, serial_bayou_pond_e,
          nicolae_specific_store, nicolae_concentric_dashed_squares_mild,
          uniq_duvessa
D:7:      layout_gridville, mainiacjoe_overflow_alcove_1,
          nemelex_xobeh_ov_fountains_minmay, mainiacjoe_overflow_boulevard,
          st_stairs_10
D:8:      cheibrodos_ideogram_h, layout_cave_pods, nicolae_uskayaw_en_pointe,
          minmay_lair_entry_grove
Temple:   compressed_dpeg_circular_temple

Skill      XL: |  1  2  3  4  5  6  7  8  9 10 |
---------------+-------------------------------+-----
Fighting       | 2 3 4 5 6 8 |  8.6
Dodging        | 3 4 5 6 7 8 |  8.0
Unarmed Combat | 4 5 7 8 9 |  9.3
Shapeshifting  | 4 5 6 7 |  7.3

Action                     |  1- 3 |  4- 6 |  7- 9 | 10-12 || total
---------------------------+-------+-------+-------+-------++-------
  Melee: Unarmed           |   102 |   193 |   338 |    23 ||   656
         Punch             |     2 |     8 |    15 |     3 ||    28
  Throw: Dart              |       |       |     2 |       ||     2
Ability: Hop               |       |       |     2 |       ||     2
  Evoke: Wand              |       |       |     1 |       ||     1
    Use: Scroll            |       |     5 |     7 |     1 ||    13
         Potion            |       |       |     8 |     2 ||    10
   Stab: Sleeping          |     1 |       |     1 |       ||     2
 Armour: Animal skin       |    14 |    19 |    25 |     2 ||    60
  Dodge: Dodged            |    64 |   163 |   290 |    35 ||   552

Table legend: (Time is in decaauts)
 A = Elapsed time spent in this place.
 B = Non-inter-level travel time spent in this place.
 C = Inter-level travel time spent in this place.
 D = Time resting spent in this place.
 E = Time spent auto-exploring this place.
 F = Levels seen in this place.
 G = Mean time per level.
                   A        B        C        D        E       F      G
               +--------+--------+--------+--------+--------+-----+--------+
         Total |  11991 |  11714 |    277 |   3266 |   6318 |  10 | 1199.1 |
       Dungeon |  10848 |  10571 |    277 |   3136 |   5802 |   8 | 1356.0 |
        Temple |    435 |    435 |      0 |    130 |      0 |   1 |  435.0 |
         Sewer |    707 |    707 |      0 |      0 |    516 |   1 |  707.0 |
               +--------+--------+--------+--------+--------+-----+--------+

Top non-repeatable levels by time:
     D:3: 1853 daAuts
     D:6: 1641 daAuts
     D:1: 1547 daAuts
     D:5: 1464 daAuts
     D:4: 1460 daAuts
     D:7: 1250 daAuts
     D:2: 1040 daAuts
   Sewer: 707 daAuts
     D:8: 590 daAuts
  Temple: 435 daAuts
